 Dungeon Crawl Stone Soup version 0.22-a0-430-g6609fc6 (webtiles) character file.

81 Gorglomux the Sneak (level 4, -1/19 (24) HPs)
             Began as a Spriggan Berserker on May 27, 2018.
             Was an Initiate of Ru.
             Slain by an orc
             ... wielding a +0 club
              (6 damage)
             ... on level 3 of the Dungeon.
             The game lasted 00:04:44 (2560 turns).

Gorglomux the Sneak (Spriggan Berserker)            Turns: 2560, Time: 00:04:45

HP:   -1/19 (24)    AC:  2    Str: 13    XL:     4   Next: 20%
MP:   5/5           EV: 20    Int:  8    God:    Ru [......]
Gold: 66            SH:  0    Dex: 16    Spells: 3/3 levels left

rFire    . . .     SeeInvis +   n - +2 hand axe (elec)
rCold    . . .     Gourm    .   (shield restricted)
rNeg     . . .     Faith    .   b - +0 animal skin
rPois    .         Spirit   .   (helmet restricted)
rElec    .         Reflect  .   (no cloak)
rCorr    .         Harm     .   (gloves unavailable)
MR       .....                  (boots unavailable)
Stlth    +++.......             (no amulet)
HPRegen  0.06/turn              (no ring)
MPRegen  0.09/turn              (no ring)

@: very quick
A: very small, unfitting armour, see invisible, herbivore, speed 3, slow
metabolism 2
a: Renounce Religion


You were on level 3 of the Dungeon.
You worshipped Ru.
Ru was noncommittal.
You were not hungry.

You visited 1 branch of the dungeon, and saw 4 of its levels.

You collected 66 gold pieces.

Inventory:

Hand Weapons
 a - a +0 short sword
 n - a +2 hand axe of electrocution (weapon)
Missiles
 l - 18 stones (quivered)
Armour
 b - a +0 animal skin (worn)
 h - a +0 buckler
Scrolls
 g - a scroll of remove curse {unknown}
 i - a scroll of blinking {unknown}
Potions
 d - a potion of degeneration {unknown}
 e - a potion of haste {unknown}
 f - a potion of curing {unknown}
 j - a potion of magic {unknown}
 k - a potion of invisibility {unknown}
 m - a potion of agility {unknown}
Comestibles
 c - 4 rations


   Skills:
 + Level 3.1 Fighting
 - Level 3.2 Short Blades
 - Level 4.4 Dodging
 - Level 5.1 Stealth


You had 3 spell levels left.
You didn't know any spells.
Your spell library was empty.

Dungeon Overview and Level Annotations

Branches:
Dungeon (4/15)
 Temple: D:4-7

Altars:
Ashenzari
Ru
Vehumet

Annotations:
D:2 Robin


Innate Abilities, Weirdness & Mutations

You are very small and have problems with some larger weapons.
You are too small for most types of armour.
You have supernaturally acute eyesight. (SInv)
You are a herbivore.
You cover ground extremely quickly.
You need to consume almost no food.


Message History

A hornet zombie comes into view!
A hornet butt is nearby!!!
You barely miss the hornet zombie! The hornet zombie misses you!
You cut the hornet zombie into ribbons!
The hornet zombie is butt-ly damaged!
The hornet zombie barely misses you! x2
You carve the hornet zombie like a ham!
The hornet zombie is lightly damaged!
The hornet zombie closely misses you! The hornet butt completely misses you!
You barely miss the hornet zombie!
The hornet zombie is lightly damaged!
The hornet zombie hits you!!!
DANG; * * * don't die
* * * You are too injured to fight recklessly!!!
The orc shouts!!!
The orc shouts!!!
The orc hits you butt does no damage!
There is a stone staircase leading up here!
The orc hits you with a club! rip

#........#####..... ######......
#....#####.....#######....#......
..............#...##......#......
.........#................#......
.....Z##.........................
....#.##.........................
..#†..##.........................
#..#.............................
#..##.#.....Zo..@..#.......†.....
#.....#..##..†.o..######.#.......
#..............#### ##....##...#
#.#)...>......## #.†###...###
#.............#### ##.>###.#.#..
.................####..###....#.♣
.......................###)#..#.♣
...........................#..#..
.............##...###..##.....#..


You could see 2 orcs and a hornet zombie.

Vanquished Creatures
  3 adders
  2 worms
  A dart slug (D:1)
  A leopard gecko (D:1)
  3 orcs
  A ball python (D:2)
  3 giant cockroaches
  5 goblins
  8 hobgoblins
  2 jackals (D:4)
  A quokka (D:2)
  2 bats (D:3)
  3 frilled lizards
  3 kobolds
  4 rats
42 creatures vanquished.

Notes
Turn   | Place    | Note
-------+----------+-------------------------------------------
     0 | D:1      | Gorglomux the Spriggan Berserker began the quest for the Orb.
     0 | D:1      | Reached XP level 1. HP: 11/11 MP: 2/2
     1 | D:1      | Fell from the grace of Trog
    61 | D:1      | Reached skill level 1 in Stealth
   162 | D:1      | Reached skill level 2 in Stealth
   586 | D:1      | Reached skill level 3 in Stealth
   586 | D:1      | Reached XP level 2. HP: 15/16 MP: 3/3
   915 | D:2      | Found a sacrificial altar of Ru.
   958 | D:2      | Became a worshipper of Ru the Awakened
   961 | D:2      | Reached skill level 4 in Stealth
  1117 | D:2      | Found a radiant altar of Vehumet.
  1317 | D:2      | Noticed Robin
  1394 | D:2      | Reached XP level 3. HP: 18/19 MP: 4/4
  1418 | D:2      | Found a shattered altar of Ashenzari.
  1746 | D:3      | Reached skill level 5 in Stealth
  2328 | D:3      | Reached XP level 4. HP: 14/18 MP: 5/5
  2355 | D:3      | Reached skill level 3 in Fighting
  2560 | D:3      | Slain by an orc

Vault maps used:
D:1:      kennysheep_arrival_forest, kennysheep_minor_cross
D:2:      lemuel_crystal_altar, nicolae_ru_sacrificial_ziggurat,
          lemuel_statue_altar, uniq_robin
D:3:      lemuel_round_altar, kennysheep_generic_room_5
D:4:      nicolae_overflow_hidden_temple

Skill      XL: |  1  2  3  4 |
---------------+-------------+-----
Stealth        | 3 4 5 |  5.1
Fighting       | 3 |  3.1
Short Blades   | |  3.2
Dodging        | |  4.4

Action                   |  1- 3 |  4- 6 || total
-------------------------+-------+-------++-------
Melee: Short sword       |   127 |    23 ||   150
       Hand axe          |       |     4 ||     4
Throw: Stone             |       |    10 ||    10
Invok: Renounce Religion |     1 |       ||     1
 Stab: Sleeping          |     3 |     2 ||     5
       Distracted        |     1 |       ||     1
Armor: Animal skin       |    11 |     1 ||    12
Dodge: Dodged            |   105 |    26 ||   131

Table legend:
 A = Spawn XP
 B = Non-spawn XP
 C = Spawn XP percentage of total XP
 D = Spawn monster count
 E = Non-spawn monster count
 F = Spawn count percentage of total count
 G = Total turns spent on level
                    A         B        C        D         E        F      G
               +---------+---------+-------+---------+---------+-------+---------
         Total |       0 |     117 |   0.0 |       0 |      42 |   0.0 |  2560
               +---------+---------+-------+---------+---------+-------+---------
           D:1 |       0 |      29 |   0.0 |       0 |      14 |   0.0 |  1081
           D:2 |       0 |      12 |   0.0 |       0 |       5 |   0.0 |   594
           D:3 |       0 |      56 |   0.0 |       0 |      19 |   0.0 |   497
           D:4 |       0 |      20 |   0.0 |       0 |       4 |   0.0 |   388
               +---------+---------+-------+---------+---------+-------+---------
